 Dungeon Crawl Stone Soup version 0.30.0-19-g36f170ea60 (webtiles) character file.

Game seed: 15734960844657278453

433 Ijustatesigmund the Trooper (level 7, -16/67 HPs)
             Began as a Gargoyle Fighter on May 31, 2023.
             Was an Initiate of the Shining One.
             Killed from afar by an acid dragon (18 damage)
             ... with a splash of acid
             ... on level 5 of the Dungeon.
             The game lasted 00:07:09 (3931 turns).

Ijustatesigmund the Trooper (Gargoyle Fighter)      Turns: 3931, Time: 00:07:10

Health: -16/67     AC: 19    Str: 25    XL:     7   Next: 0%
Magic:  7/7        EV:  2    Int: 11    God:    the Shining One [......]
Gold:   289        SH:  5    Dex:  9    Spells: 6/6 levels left

rFire   . . .        a - +0 flail
rCold   . . .        c - +1 buckler
rNeg    + . .        b - melded +3 leather armour
rPois   ∞            e - melded +0 helmet
rElec   +            (cloak currently unavailable)
rCorr   .            k - melded +1 pair of gloves
SInv    .            (boots currently unavailable)
Will    +....        (no amulet)
Stlth   +            l - ring "Qocuuguath" {rElec Will+ Str+6}
HPRegen 0.31/turn    (no ring)
MPRegen 0.10/turn

%: no passive effects
@: mighty, tree-form, corroded, glowing
A: stationary, stasis, torment immunity, boosted hp, sickness immunity, AC +4,
negative energy resistance 1, (electricity resistance), torment resistance 1,
petrification resistance
a: Renounce Religion


You were on level 5 of the Dungeon.
You worshipped the Shining One.
The Shining One was noncommittal.
You were a tree.
You visited 2 branches of the dungeon, and saw 6 of its levels.

You collected 289 gold pieces.

Inventory:

Hand Weapons
 a - a +0 flail (weapon)
Armour
 b - a +3 leather armour (melded)
 c - a +1 buckler (worn)
 e - a +0 helmet (melded)
 k - a +1 pair of gloves (melded)
Jewellery
 l - the ring "Qocuuguath" (left branch) {rElec Will+ Str+6}
   (You found it on level 2 of the Dungeon)

   [ring of strength]

   Str:       It affects your strength (+6).
   rElec:     It insulates you from electricity.
   Will:      It increases your willpower.
Wands
 n - a wand of flame (5)
Potions
 g - a potion of brilliance
 h - a potion of curing
 i - a potion of magic
 j - 2 potions of attraction
 m - a potion of heal wounds {unknown}
 o - a potion of resistance {unknown}


   Skills:
 + Level 5.7 Fighting
 + Level 4.6 Maces & Flails
 - Level 4.4 Armour
 - Level 3.2 Shields
 + Level 1.2 Invocations
 + Level 1.0 Evocations


You had 6 spell levels left.
You didn't know any spells.
Your spell library contained the following spells:

 Spells                   Type           Power      Damage    Failure   Level
 Necrotise                Necr           0%         1d4       38%         1
 Summon Small Mammal      Summ           0%         N/A       38%         1
 Wereblood                Tmut           0%         N/A       54%         2
 Call Canine Familiar     Summ           0%         N/A       77%         3
 Summon Guardian Golem    Hex/Summ       0%         N/A       77%         3
 Vampiric Draining        Necr           0%         2d6       77%         3
 Petrify                  Tmut/Erth      0%         N/A       99%         4
 Agony                    Necr           0%         N/A       100%        5
 Irradiate                Conj/Tmut      0%         3d11      100%        5
 Malign Gateway           Summ/Tloc      0%         N/A       100%        7
 Summon Hydra             Summ           0%         N/A       100%        7
 Summon Horrible Things   Summ           0%         N/A       100%        8
 Sublimation of Blood     Necr           Unusable   N/A       N/A         2

Dungeon Overview and Level Annotations

Branches:
Dungeon (5/15)             Temple (1/1) D:4

Altars:
Ashenzari
Cheibriados
Dithmenos
Gozag
Hepliaklqana
Makhleb
Okawaru
Qazlal
Sif Muna
Trog
Uskayaw
Wu Jian
Xom
Yredelemnul
Zin
The Shining One

Shops:
D:1 (


Innate Abilities, Weirdness & Mutations

You are a tree.
Your roots penetrate the ground, keeping you stationary.
You cannot be teleported.
You are immune to unholy pain and torment.
Your maximum health is greatly increased.
Your equipment is partially melded.
You are immune to sickness and miasma.
((Your stone body is resilient. (AC +4)))
You are immune to poison.
You resist negative energy. (rN+)
((You are resistant to electric shocks. (rElec)))
You are resistant to unholy torment.
You are immune to petrification.


Message History

You are too injured to fight recklessly!
You are too injured to fight recklessly!
You are too injured to fight recklessly!
You closely miss the acid dragon. You block the acid dragon's attack.
The acid dragon barely misses you. The acid dragon bites you.
The acid dragon claws you but does no damage.
You hit the acid dragon but do no damage.
The acid dragon barely misses you. The acid dragon claws you.
* * * LOW HITPOINT WARNING * * *
Okay, then.
You aren't carrying any scrolls.
Really quaff the potion of lignification?
You turn into a tree.
Your +0 helmet melds into your body.
Your +1 pair of gloves melds into your body.
Your +3 leather armour melds into your body.
Your roots penetrate the ground.
You block the acid dragon's attack.
The acid dragon claws you but does no damage.
You barely miss the acid dragon.
The acid dragon bites you but does no damage.
The acid dragon claws you but does no damage.
You hit the acid dragon.
The acid dragon is lightly wounded.
The acid dragon bites you but does no damage.
You block the acid dragon's attack.
You barely miss the acid dragon.
The acid dragon is lightly wounded.
The acid dragon spits acid at you. The splash of acid hits you!
* * * LOW HITPOINT WARNING * * *
The acid dragon bites you but does no damage.
The acid dragon claws you but does no damage.
You feel very mighty all of a sudden. The acid dragon bites you!
* * * LOW HITPOINT WARNING * * *
You block the acid dragon's attack.
You hit the acid dragon.
The acid dragon is moderately wounded.
The acid dragon spits acid at you. The splash of acid hits you!!
You die...

##.....##
##......^##
###.........#
............+
...........#
#.#.....?.#
#####.##.D...#
..##.# #.♣.# #
#.##.####'##
#.##.##.##...#
#.......##.#.##
####.##.......#
##.....≈#.#≈.....
#.#..≈§≈#.#≈§≈...
#...§≈§≈#.#≈≈≈≈..#
#..≈≈§≈≈#.#≈≈≈≈≈.#


You could see an acid dragon (catching breath).

Vanquished Creatures
  2 black bears
  A hound (D:2)
  A sleepcap (D:4)
  Ijyb (D:4)
  An iguana (D:5)
  An orc wizard (D:4)
  2 adders (D:4)
  2 worms
  10 orcs
  3 ball pythons
  7 bats
  9 endoplasms
  2 giant cockroaches
  10 goblins
  6 hobgoblins
  8 jackals
  6 quokkas
  3 frilled lizards
  5 kobolds
  3 rats
83 creatures vanquished.

Notes
Turn   | Place    | Note
-------+----------+-------------------------------------------
     0 | D:1      | Ijustatesigmund the Gargoyle Fighter began the quest for
                  | the Orb.
     0 | D:1      | Reached XP level 1. HP: 14/14 MP: 1/1
   218 | D:1      | Reached XP level 2. HP: 19/19 MP: 2/2
   331 | D:1      | Found Wasmi's Antique Weapon Shop.
   331 | D:1      | You fall into a shaft and drop 1 floor!
   422 | D:2      | Reached skill level 4 in Fighting
   422 | D:2      | Reached XP level 3. HP: 18/24 MP: 3/3
   617 | D:2      | Reached XP level 4. HP: 27/30 MP: 4/4
  1173 | D:2      | Identified the ring "Qocuuguath" {rElec Will+ Str+6}
  2477 | D:4      | Found a staircase to the Ecumenical Temple.
  2529 | D:4      | Reached XP level 5. HP: 32/34 MP: 5/5
  2536 | D:4      | Noticed a black bear
  2549 | D:4      | Killed a black bear
  2550 | D:4      | Reached skill level 5 in Fighting
  2557 | D:4      | Reached XP level 6. HP: 20/40 MP: 6/6
  2731 | D:4      | Noticed Ijyb
  2754 | D:4      | Killed Ijyb
  3347 | Temple   | Entered the Ecumenical Temple
  3533 | Temple   | Became a worshipper of the Shining One
  3548 | D:5      | Entered Level 5 of the Dungeon
  3812 | D:5      | Noticed a black bear
  3821 | D:5      | Killed a black bear
  3822 | D:5      | Reached skill level 1 in Invocations
  3822 | D:5      | Reached skill level 1 in Evocations
  3822 | D:5      | Reached XP level 7. HP: 41/45 MP: 7/7
  3930 | D:5      | HP: 2/67 [acid dragon (10)]
  3931 | D:5      | Killed from afar by an acid dragon

Illustrated notes

Levels and vault maps discovered:
D:1:      minmay_arrival_hallway, layout_loops_ring, serial_shops,
          nicolae_shop_window_shopping, amcnicky_mini_rare_corridor_liquid,
          st_stairs_6, minmay_misc_feat_encased, kennysheep_crisscross,
          minmay_misc_feat_chi, minmay_misc_feat_plants,
          dreamdust_princess_bridge
D:2:      layout_basic, minmay_misc_feat_rugged, guppyfry_early_orc_mine
D:3:      layout_rooms, chequers_serial_rivers_large_a
D:4:      layout_loops_ring, minmay_temple_entry_glassed_door, uniq_ijyb
D:5:      layout_loops_corners, roderic_lattice_a,
          hangedman_decor_clover_reticule, grunt_decor_junction,
          minmay_crystal_room
Temple:   nicolae_temple_bog_church

Skill      XL: |  1  2  3  4  5  6 |
---------------+-------------------+-----
Fighting       | 4 5 |  5.7
Maces & Flails | 3 4 |  4.6
Armour         | 4 |  4.4
Invocations    | 1 |  1.2
Evocations     | 1 |  1.0
Shields        | |  3.2

Action                     |  1- 3 |  4- 6 |  7- 9 || total
---------------------------+-------+-------+-------++-------
  Melee: Flail             |    69 |   244 |     6 ||   319
    Use: Scroll            |       |    14 |       ||    14
         Potion            |       |     2 |     2 ||     4
 Armour: Scale mail        |    38 |    15 |       ||    53
         Plate armour      |       |    80 |       ||    80
         Leather armour    |       |    72 |     1 ||    73
         Skin              |       |       |     6 ||     6
  Dodge: Dodged            |    43 |   109 |     3 ||   155
  Block: Buckler           |    16 |    62 |     4 ||    82
